 Dungeon Crawl Stone Soup version 0.26-b1-32-g5d43845318 (webtiles) character file.

Game seed: 2979607613667105718

29 Borgoz the Grasshopper (level 3, 0/30 HPs)
             Began as a Ghoul Warper on Jan 10, 2021.
             Slain by a scorpion (2 damage)
             ... on level 2 of the Dungeon.
             The game lasted 00:01:21 (1454 turns).

Borgoz the Grasshopper (Ghoul Warper)               Turns: 1454, Time: 00:01:22

Health: 0/30       AC:  5    Str: 14    XL:     3   Next: 16%
Magic:  4/4        EV: 12    Int:  8    God:
Gold:   51         SH:  0    Dex:  9    Spells: 5/5 levels left

rFire    . . .     SeeInvis .     - Unarmed
rCold    + . .     Faith    .   (no shield)
rNeg     + + +     Spirit   .   a - +0 leather armour
rPois    ∞         Reflect  .   (no helmet)
rElec    .         Harm     .   j - +0 cloak
rCorr    .         Rampage  .   (no gloves)
Will     .....                  i - +0 pair of boots
Stlth    +.........             (no amulet)
HPRegen  0.00/turn              (no ring)
MPRegen  0.09/turn              (no ring)

@: no status effects
A: claws 1, cold resistance 1, negative energy resistance 3, inhibited
regeneration, torment resistance, unbreathing
a: no special abilities


You were on level 2 of the Dungeon.
You visited 1 branch of the dungeon, and saw 2 of its levels.

You collected 51 gold pieces.

Inventory:

Missiles
 d - 5 boomerangs of dispersal (quivered)
Armour
 a - a +0 leather armour (worn)
 i - a +0 pair of boots (worn)
 j - a +0 cloak (worn)
Scrolls
 c - a scroll of blinking
 e - 3 scrolls of identify {unknown}
 f - a scroll of fog {unknown}
 g - a scroll of noise {unknown}
 h - a scroll of enchant armour {unknown}
 k - a scroll of fear {unknown}
Potions
 b - a potion of resistance {unknown}
 l - 2 potions of haste {unknown}


   Skills:
 + Level 2.6 Fighting
 - Level 0.8 Throwing
 + Level 1.3 Armour
 * Level 2.4 Dodging
 + Level 2.6 Unarmed Combat
 - Level 1.7 Spellcasting
 - Level 2.6 Translocations


You had 5 spell levels left.
You didn't know any spells.
Your spell library contained the following spells:

 Spells                   Type           Power        Failure   Level
 Blink                    Tloc           N/A          22%         2
 Gell's Gravitas          Tloc           2%           41%         3
 Lesser Beckoning         Tloc           2%           41%         3
 Teleport Other           Tloc           5%           41%         3
 Passage of Golubria      Tloc           N/A          83%         4


Dungeon Overview and Level Annotations

Branches:
Dungeon (2/15)

Altars:
Nemelex Xobeh
Uskayaw
Xom


Innate Abilities, Weirdness & Mutations

You thrive by killing the living.
You are immune to poison.
You have sharp fingernails.
Your flesh is cold resistant. (rC+)
You are immune to negative energy. (rN+++)
You do not regenerate when monsters are visible.
You are immune to unholy pain and torment.
You can survive without breathing.


Message History

The scorpion misses you.
You barely miss the scorpion.
The scorpion is moderately wounded.
The scorpion misses you.
You scratch the scorpion.
The scorpion is severely wounded.
The scorpion closely misses you.
You scratch the scorpion but do no damage.
The scorpion is severely wounded.
The scorpion misses you.
You scratch the scorpion but do no damage.
The scorpion is severely wounded.
You scratch the scorpion.
The scorpion is almost dead.
The scorpion stings you!
* * * LOW HITPOINT WARNING * * *
You scratch the scorpion but do no damage.
The scorpion is almost dead.
The scorpion stings you.
You die...

#########......###.#
<#.............###.#
##.####..(.........#
##.####............#
............##.....#
..........#..#.(...#
##.#####..##.#...?.#
##... .............#
#######.........@.##
.........>s.#
........## .......$#
..(...... .....#.#.
.....#. . .###### .)


You could see a scorpion.

Vanquished Creatures
  3 dart slugs
  A leopard gecko (D:1)
  A ball python (D:1)
  2 giant cockroaches
  2 goblins (D:1)
  2 hobgoblins (D:1)
  4 jackals (D:1)
  2 kobolds (D:1)
  3 rats (D:1)
20 creatures vanquished.

Notes
Turn   | Place    | Note
-------+----------+-------------------------------------------
     0 | D:1      | Borgoz the Ghoul Warper began the quest for the Orb.
     0 | D:1      | Reached XP level 1. HP: 17/17 MP: 2/2
    14 | D:1      | Reached skill level 1 in Armour
   225 | D:1      | Reached XP level 2. HP: 16/25 MP: 3/3
  1029 | D:1      | Found a glowing golden altar of the Shining One.
  1031 | D:1      | Found a sparkling altar of Nemelex Xobeh.
  1031 | D:1      | Found a shimmering altar of Xom.
  1033 | D:1      | Found a shimmering altar of Xom.
  1033 | D:1      | Found a shimmering altar of Xom.
  1033 | D:1      | Found a hide-covered altar of Uskayaw.
  1079 | D:1      | Reached XP level 3. HP: 29/30 MP: 4/4
  1438 | D:2      | Noticed a scorpion
  1454 | D:2      | Slain by a scorpion

Illustrated notes

Levels and vault maps discovered:
D:1:      matt_arrival_debris, layout_loops_ring, minivault_23,
          doesnt_xom_only_xom
D:2:      layout_basic

Skill      XL: |  1 |
---------------+----+-----
Armour         | 1 |  1.3
Dodging        | 2 |  2.4
Fighting       | |  2.6
Throwing       | |  0.8
Unarmed Combat | |  2.6
Spellcasting   | |  1.7
Translocations | |  2.6

Action                   || total
-------------------------++-------
Melee: Unarmed           ||    92
Armor: Leather armour    ||    20
Dodge: Dodged            ||    60
